 Dungeon Crawl Stone Soup version 0.22-a0-757-gdba82d8 (webtiles) character file.

3576 Hebeh the Thaumaturge (level 9, -1/45 HPs)
             Began as a Deep Elf Fire Elementalist on July 16, 2018.
             Was a Priest of Vehumet.
             Slain by a killer bee (7 damage)
             ... on level 8 of the Dungeon.
             The game lasted 00:52:10 (10713 turns).

Hebeh the Thaumaturge (Deep Elf Fire Elementalist) Turns: 10713, Time: 00:52:10

Health: -1/45      AC:  7    Str:  5    XL:     9   Next: 84%
Magic:  4/25       EV: 14    Int: 24    God:    Vehumet [***...]
Gold:   552        SH:  0    Dex: 15    Spells: 11/28 levels left

rFire    . . .     SeeInvis .   a - +1 falchion (holy)
rCold    . . .     Gourm    .   (no shield)
rNeg     + . .     Faith    .   j - +2 robe {Archmagi}
rPois    .         Spirit   .   (no helmet)
rElec    .         Reflect  .   t - +1 cloak {MR+}
rCorr    .         Harm     .   (no gloves)
MR       ++...                  M - +0 pair of boots
Stlth    ++........             (no amulet)
HPRegen  0.15/turn              H - ring of protection from magic
MPRegen  0.19/turn              m - ring of positive energy

@: lethally poisoned (-1 -> -6), about to teleport
A: no striking features
a: Renounce Religion


You were on level 8 of the Dungeon.
You worshipped Vehumet.
Vehumet was most pleased with you.
You were hungry.

You visited 2 branches of the dungeon, and saw 10 of its levels.

You collected 552 gold pieces.

Inventory:

Hand Weapons
 a - a +1 falchion of holy wrath (weapon)
 b - a +0 hunting sling
 x - a +0 dagger of draining
 E - the +4 rapier "Cell" {vamp, rN++ Int-3}
   (You found it on level 5 of the Dungeon)

   It inflicts no extra harm, but heals its wielder when it wounds a living foe.
   It affects your intelligence (-3).
   It greatly protects you from negative energy.
Missiles
 f - 135 arrows
 i - 134 stones (quivered)
 l - 52 sling bullets
 u - 3 silver tomahawks
 L - 22 bolts
Armour
 d - a +2 robe of magic resistance
 j - a +2 robe of the Archmagi (worn)
 t - a +1 cloak of magic resistance (worn)
 M - a +0 pair of boots (worn)
Jewellery
 m - a ring of positive energy (right hand)
 w - an uncursed ring of protection from cold
 H - a ring of protection from magic (left hand)
 K - a +5 amulet of reflection {unknown}
Wands
 q - a wand of acid (16)
 y - a wand of clouds (6)
 z - a wand of flame (17)
 I - a wand of polymorph (33)
Scrolls
 e - 6 scrolls of identify
 k - 4 scrolls of remove curse
 o - 4 scrolls of enchant weapon
 p - a scroll of immolation {unknown}
 v - 2 scrolls of teleportation
 F - a scroll of blinking {unknown}
 J - a scroll of random uselessness {unknown}
 N - 2 scrolls of fog {unknown}
Potions
 g - 2 potions of ambrosia {unknown}
 h - 3 potions of berserk rage {unknown}
 n - 3 potions of heal wounds
 r - 2 potions of mutation {unknown}
 s - 3 potions of degeneration {unknown}
 A - 3 potions of cancellation {unknown}
 B - a potion of curing {unknown}
 C - 2 potions of agility {unknown}
 D - a potion of haste {unknown}
 G - a potion of might {unknown}
Comestibles
 c - 16 rations
 O - 9 chunks of flesh


   Skills:
 + Level 3.4 Dodging
 - Level 2.4 Stealth
 * Level 10.2 Spellcasting
 * Level 9.0 Conjurations
 * Level 5.1 Charms
 * Level 9.0 Fire Magic


You had 11 spell levels left.
You knew the following spells:

 Your Spells              Type           Power        Failure   Level  Hunger
a - Flame Tongue          Conj/Fire      #####        1%          1    None
b - Magic Dart            Conj           ####         1%          1    None
c - Conjure Flame         Conj/Fire      ######..     1%          3    None
d - Throw Flame           Conj/Fire      ######       1%          2    None
e - Fireball              Conj/Fire      ######....   1%          5    ####...
i - Iskenderun's Battles  Conj/Chrm      ######..     2%          5    ####...

Your spell library contained the following spells:

 Spells                   Type           Power        Failure   Level  Hunger
 Bolt of Magma            Conj/Fire/Erth ######....   3%          5    ####...
 Venom Bolt               Conj/Pois      ######....   6%          5    ####...
 Sticky Flame             Conj/Fire      ######..     1%          4    #......
 Iron Shot                Conj/Erth      ######....   30%         6    ######.
 Orb of Destruction       Conj           ######....   26%         7    #######
 Inner Flame              Hex/Fire       ######..     1%          3    None
 Spellforged Servitor     Conj/Summ      ######....   83%         7    #######


Dungeon Overview and Level Annotations

Branches:
Dungeon (9/15)             Temple (1/1) D:4
   Lair: D:8-11         Orc: D:9-12

Altars:
Fedhas
Gozag
Hepliaklqana
Makhleb
Nemelex Xobeh
Vehumet
Xom
Zin

Annotations:
D:4 1 runed door, EnegeticOcto's ghost, weakling DDFi
D:7 1 runed door, B1inky's ghost, novice OpAK
D:8 Erica


Message History

Your Conjurations skill increases to level 9!
The killer bee misses you.
The orc throws a stone.
The stone closely misses you. The leopard gecko closely misses you.
The killer bee closely misses you.
You riposte.
You barely miss the killer bee.
Casting: Magic Dart (safe; 1% risk of failure)
Confirm with . or Enter, or press ? or * to list all spells.
Aiming: Magic Dart (safe; 1% risk of failure)
Press: ? - help, Shift-Dir - straight line, f - killer bee
Aim: a killer bee You feel a surge of power!
The magic dart hits the killer bee.
The killer bee is lightly wounded.
Your battlesphere fires!
The barrage of energy hits the killer bee.
The killer bee is heavily wounded.
The killer bee stings you.
* * * LOW HITPOINT WARNING * * *
You are poisoned.
The killer bee poisons you! The leopard gecko misses you.
The killer bee stings you!
You die...

#....#....#...
## #....# ....
.# # ##...# #
#.
##...######.#
%#
#...........#
#...........#
#*...........
#(..y.....)..
#..@@†o...#)
#......l[....#
#.###...##...#
./ ##### #)##
## .)' .#. # .


You could see Erica, a killer bee, an orc, a leopard gecko and a friendly
battlesphere.

Vanquished Creatures
  Sigmund (D:2)
  Menkaure (D:7)
  Duvessa (D:7)
  A water moccasin (D:7)
  2 sky beasts
  An ice beast (D:6)
  2 orc warriors (D:8)
  A centaur (D:6)
  An ogre (D:4)
  A big kobold (D:8)
  3 bullfrogs
  Dowan (D:7)
  4 scorpions
  4 killer bees (D:8)
  3 howler monkeys (D:8)
  4 crimson imps
  6 hounds
  A quasit (D:6)
  11 orc wizards
  2 jellies
  Crazy Yiuf (D:2)
  4 orc priests
  A centaur skeleton (D:4)
  An iguana (D:7)
  Ijyb (D:5)
  11 worker ants
  A howler monkey skeleton (D:4)
  7 gnolls
  9 adders
  6 river rats (D:5)
  2 shadow imps (D:8)
  An ooze (D:1)
  An adder skeleton (D:4)
  3 worms
  3 dart slugs
  10 leopard geckos
  24 orcs
  7 giant cockroaches
  6 goblins
  6 hobgoblins
  6 jackals
  12 quokkas
  2 ball pythons (D:3)
  11 bats
  5 frilled lizards
  28 kobolds
  25 rats
245 creatures vanquished.

Vanquished Creatures (others)
  A plant (D:8)
1 creature vanquished.

Grand Total: 246 creatures vanquished

Notes
Turn   | Place    | Note
-------+----------+-------------------------------------------
     0 | D:1      | Hebeh the Deep Elf Fire Elementalist began the quest for the Orb.
     0 | D:1      | Reached XP level 1. HP: 10/10 MP: 6/6
   378 | D:1      | Reached XP level 2. HP: 15/15 MP: 4/8
  1183 | D:2      | Reached XP level 3. HP: 19/19 MP: 7/9
  1187 | D:2      | Learned a level 2 spell: Throw Flame
  1191 | D:2      | Learned a level 3 spell: Conjure Flame
  1640 | D:2      | Reached XP level 4. HP: 24/24 MP: 5/11
  1761 | D:2      | Noticed Sigmund
  1779 | D:2      | Killed Sigmund
  1779 | D:2      | Reached skill level 4 in Spellcasting
  1779 | D:2      | Reached XP level 5. HP: 10/28 MP: 0/14
  2070 | D:2      | Found a burning altar of Makhleb.
  2073 | D:2      | Reached XP level 6. HP: 32/32 MP: 11/15
  2288 | D:2      | Found a runed door.
  2330 | D:2      | Reached skill level 5 in Spellcasting
  2741 | D:2      | Noticed Crazy Yiuf
  2744 | D:2      | Killed Crazy Yiuf
  2744 | D:2      | Reached skill level 5 in Fire Magic
  2864 | D:3      | Reached skill level 5 in Conjurations
  4667 | D:4      | Reached XP level 7. HP: 30/36 MP: 17/17
  4793 | D:4      | Reached skill level 6 in Spellcasting
  5308 | D:4      | Found a staircase to the Ecumenical Temple.
  5364 | Temple   | Entered the Ecumenical Temple
  5402 | Temple   | Became a worshipper of Vehumet
  5646 | D:4      | Found a sparkling altar of Nemelex Xobeh.
  5647 | D:4      | Found an opulent altar of Gozag.
  5818 | D:4      | Found a runed door.
  5824 | D:4      | Noticed EnegeticOcto's ghost (weakling DDFi)
  5972 | D:5      | Entered Level 5 of the Dungeon
  5974 | D:5      | Reached skill level 7 in Spellcasting
  6013 | D:5      | Reached XP level 8. HP: 33/41 MP: 1/20
  6670 | D:5      | Reached * piety under Vehumet
  6670 | D:5      | Offered knowledge of Magic Dart by Vehumet.
  6673 | D:5      | Learned a level 1 spell: Magic Dart
  6917 | D:5      | Got a steaming rapier
  7024 | D:5      | Noticed Ijyb
  7055 | D:5      | Killed Ijyb
  7300 | D:5      | Identified the +4 rapier "Cell" {vamp, rN++ Int-3} (You found it on level 5 of the Dungeon)
  7351 | D:5      | HP: 2/41 [sky beast (5)]
  7353 | D:5      | Reached skill level 8 in Spellcasting
  8202 | D:6      | Reached skill level 9 in Spellcasting
  8322 | D:6      | Learned a level 5 spell: Fireball
  8328 | D:6      | Learned a level 5 spell: Iskenderun's Battlesphere
  8398 | D:6      | Reached ** piety under Vehumet
  8398 | D:6      | Offered knowledge of Shock by Vehumet.
  8507 | D:6      | Reached XP level 9. HP: 35/45 MP: 14/24
  8698 | D:7      | Reached skill level 1 in Charms
  8706 | D:7      | Noticed Menkaure
  8708 | D:7      | Killed Menkaure
  8845 | D:7      | Noticed Dowan
  8847 | D:7      | Noticed Duvessa
  8848 | D:7      | Killed Duvessa
  8849 | D:7      | Killed Dowan
  9593 | D:7      | Found a runed door.
  9594 | D:7      | Found a shimmering altar of Xom.
  9594 | D:7      | Noticed B1inky's ghost (novice OpAK)
  9595 | D:7      | Noticed a spear of chaos
  9925 | D:8      | You fall through a shaft!
 10331 | D:8      | Reached skill level 10 in Spellcasting
 10481 | D:8      | Offered knowledge of Searing Ray by Vehumet.
 10579 | D:8      | Reached *** piety under Vehumet
 10706 | D:8      | Reached skill level 5 in Charms
 10707 | D:8      | Noticed Erica
 10713 | D:8      | Slain by a killer bee

Vault maps used:
D:1:      scummos_arrival_checkerplants
D:2:      makhleb_blood_cavern_becter, first_ration, uniq_sigmund,
          uniq_crazy_yiuf_cottage
D:3:      wad_lake_hut
D:4:      grunt_temple_overflow_opulence, minmay_temple_entry_statues_fountains,
          ebering_ghost_reflecting_pool
D:5:      lemuel_ratsnest, uniq_ijyb
D:7:      ebering_ghost_xom, nicolae_ossuary_entry_monument, uniq_duvessa,
          uniq_menkaure
D:8:      kennysheep_kobold_camp, david_nohive_1, trog_hazing_becter, uniq_erica
D:9:      kennysheep_little_box
Temple:   dpeg_five_rooms_temple

Skill      XL: |  1  2  3  4  5  6  7  8  9 |
---------------+----------------------------+-----
Conjurations   | 2 3 4 5 6 7 9 |  9.0
Fire Magic     | 4 5 6 7 9 |  9.0
Spellcasting   | 4 5 7 9 10 | 10.2
Charms         | 5 |  5.1
Dodging        | 3 |  3.4
Stealth        | |  2.4

Action                   |  1- 3 |  4- 6 |  7- 9 || total
-------------------------+-------+-------+-------++-------
Melee: Unarmed           |     5 |       |       ||     5
       Whip              |       |     5 |       ||     5
       Falchion          |       |    13 |    15 ||    28
 Fire: Hunting sling     |       |     1 |       ||     1
Throw: Stone             |    13 |       |       ||    13
 Cast: Flame Tongue      |    50 |    53 |   215 ||   318
       Throw Flame       |    13 |    24 |    38 ||    75
       Conjure Flame     |       |     1 |     1 ||     2
       Magic Dart        |       |       |   124 ||   124
       Iskenderun's Batt |       |       |    14 ||    14
       Fireball          |       |       |    11 ||    11
  Use: Scroll            |       |     1 |     4 ||     5
       Potion            |       |       |     1 ||     1
  Eat: Chunk             |     2 |     9 |    16 ||    27
       Ration            |       |       |     2 ||     2
Armor: Robe              |     8 |     8 |    43 ||    59
Dodge: Dodged            |    18 |    22 |   122 ||   162
       Rpst.: Falchion   |       |     5 |    37 ||    42

Table legend:
 A = Spawn XP
 B = Non-spawn XP
 C = Spawn XP percentage of total XP
 D = Spawn monster count
 E = Non-spawn monster count
 F = Spawn count percentage of total count
 G = Total turns spent on level
                    A         B        C        D         E        F      G
               +---------+---------+-------+---------+---------+-------+---------
         Total |       0 |    5109 |   0.0 |       0 |     245 |   0.0 | 10713
               +---------+---------+-------+---------+---------+-------+---------
           D:1 |       0 |      37 |   0.0 |       0 |      20 |   0.0 |  1026
           D:2 |       0 |     483 |   0.0 |       0 |      35 |   0.0 |  1810
           D:3 |       0 |     189 |   0.0 |       0 |      24 |   0.0 |  1793
           D:4 |       0 |     652 |   0.0 |       0 |      22 |   0.0 |  1416
           D:5 |       0 |     622 |   0.0 |       0 |      50 |   0.0 |  1392
           D:6 |       0 |     816 |   0.0 |       0 |      21 |   0.0 |  1152
           D:7 |       0 |    1020 |   0.0 |       0 |      18 |   0.0 |  1258
           D:8 |       0 |    1286 |   0.0 |       0 |      53 |   0.0 |   781
           D:9 |       0 |       4 |   0.0 |       0 |       2 |   0.0 |    13
               +---------+---------+-------+---------+---------+-------+---------
